 Dungeon Crawl Stone Soup version 0.24.0-29-g8ce449bc06 (webtiles) character file.

Game seed: 8777394292164066273, levelgen mode: deterministic

554 Esekla the Magician (level 7, -2/52 HPs)
             Began as a Demonspawn Wanderer on Nov 16, 2019.
             Slain by a gnoll
             ... wielding a +0 whip of distortion
              (22 damage)
             ... on level 5 of the Dungeon on Nov 17, 2019.
             The game lasted 00:30:01 (4144 turns).

Esekla the Magician (Demonspawn Wanderer)           Turns: 4144, Time: 00:30:02

Health: -2/52      AC:  4    Str: 10    XL:     7   Next: 8%
Magic:  0/13       EV: 12    Int: 19    God:
Gold:   290        SH:  0    Dex: 13    Spells: 10/14 levels left

rFire    . . .     SeeInvis .   f - +0 falchion
rCold    . . .     Gourm    .   (no shield)
rNeg     . . .     Faith    .   c - +0 robe
rPois    .         Spirit   .   (no helmet)
rElec    .         Reflect  .   l - +0 cloak
rCorr    .         Harm     .   (no gloves)
MR       .....                  (no boots)
Stlth    +++.......             (no amulet)
HPRegen  0.17/turn              g - +2 ring of strength
MPRegen  0.13/turn              a - ring of stealth

@: very slightly contaminated
A: talons 1, rugged brown scales 1, demonic guardian 2
a: no special abilities


You were on level 5 of the Dungeon.
You were not hungry.

You visited 1 branch of the dungeon, and saw 5 of its levels.

You collected 290 gold pieces.

Inventory:

Hand Weapons
 f - a +0 falchion (weapon)
 s - a +2 dagger of draining
Missiles
 e - 12 poisoned darts (quivered)
Armour
 c - a +0 robe (worn)
 l - a +0 cloak (worn)
Jewellery
 a - a ring of stealth (right hand)
 g - a +2 ring of strength (left hand)
 k - an uncursed ring of flight
 v - an uncursed amulet of faith
Wands
 m - a wand of iceblast (7)
Scrolls
 b - 3 scrolls of remove curse
 h - 2 scrolls of identify
 i - 3 scrolls of amnesia {unknown}
 p - 5 scrolls of enchant weapon {unknown}
 q - 2 scrolls of blinking {unknown}
 t - 2 scrolls of immolation {unknown}
 u - a scroll of fog {unknown}
Potions
 j - a potion of curing {unknown}
 n - a potion of resistance
 r - a potion of berserk rage
 w - a potion of haste {unknown}
 x - a potion of brilliance {unknown}
Miscellaneous
 d - a phial of floods
Comestibles
 o - 5 rations
 z - a chunk of flesh


   Skills:
 * Level 2.7 Fighting
 + Level 0.5(1.1) Short Blades
 + Level 1.5(1.6) Long Blades
 + Level 1.0 Dodging
 + Level 1.9 Stealth
 * Level 4.4 Spellcasting
   Level 3.0 Hexes
 * Level 2.1 Charms
   Level 1.7 Ice Magic
 * Level 2.1 Air Magic
 * Level 2.5 Poison Magic
 + Level 1.0 Evocations


You had 10 spell levels left.
You knew the following spells:

 Your Spells              Type           Power        Failure   Level  Hunger
b - Swiftness             Chrm/Air       ##......     9%          2    #......
v - Poisonous Vapours     Pois/Air       ##....       8%          2    #......

Your spell library contained the following spells:

 Spells                   Type           Power        Failure   Level  Hunger


Dungeon Overview and Level Annotations

Branches:
Dungeon (5/15)             Temple (0/1) D:4

Altars:
Dithmenos
Makhleb
Xom
The Shining One


Innate Abilities, Weirdness & Mutations

You have sharp toenails.
You are partially covered in rugged brown scales. (AC +1, +3% HP)
A demonic guardian rushes to your aid.


Message History

Casting: Poisonous Vapours (safe; 8% risk of failure)
Confirm with . or Enter, or press ? or * to list all spells.
Aiming: Poisonous Vapours (safe; 8% risk of failure)
Press: ? - help, Dir - move target cursor, f/p - gnoll
Aim: a gnoll, wielding a +2 flail of holy wrath Poisonous vapours surround the gnoll!
The gnoll is engulfed in poison gas.
The gnoll is poisoned.
The gnoll hits you with a +2 flail of holy wrath.
You convulse.
There is a stone staircase leading down here.
You hit the gnoll.
The gnoll is severely wounded.
The gnoll barely misses you.
You hit the gnoll. Your kick misses the gnoll.
The gnoll is almost dead.
You kill the gnoll!
You barely miss the gnoll.
The gnoll is almost dead.
The gnoll hits you but does no damage. Space warps horribly around you!!
You die...

........g...# ##.#######.
..$########.# ##......<...
###.# .#........# #.g.#
##.#......# #.#.#
##.#......# #.######g###
##.#.#..# #..........#
##......###############.##.#
................@gg........#
####.##.##.#####.######.####
# #.##.##..# #.# #.# #
#.##.###.# ##.######.#
####.##.###'###.......#.#
.....##).....##.......#.#
#######...............'.#
#...........)...###
#...............#


You could see 2 gnolls.

Vanquished Creatures
  A howler monkey (D:4)
  2 hounds (D:4)
  4 orc wizards (D:4)
  An iguana (D:4)
  2 worker ants
  6 adders
  2 gnolls (D:5)
  2 oozes
  2 adder skeletons
  4 worms
  2 dart slugs (D:2)
  3 leopard geckos
  9 orcs
  7 bats
  2 giant cockroaches
  5 goblins
  11 hobgoblins
  9 jackals
  8 kobolds
  3 quokkas
  A ball python (D:3)
  3 frilled lizards
  A jackal skeleton (D:4)
  6 rats
96 creatures vanquished.

Vanquished Creatures (collateral kills)
  An ogre (D:4)
1 creature vanquished.

Grand Total: 97 creatures vanquished

Notes
Turn   | Place    | Note
-------+----------+-------------------------------------------
     0 | D:1      | Esekla the Demonspawn Wanderer began the quest for the Orb.
     0 | D:1      | Esekla set off with the following items: a +0 dagger, a +0
                  | robe, a phial of floods, a ration; and the following spells
                  | available to memorise: Poisonous Vapours, Swiftness
     0 | D:1      | Reached XP level 1. HP: 13/13 MP: 4/4
   341 | D:1      | Gained mutation: You are partially covered in rugged brown
                  | scales. (AC +1, +3% HP) [demonic ancestry]
   341 | D:1      | Reached XP level 2. HP: 13/19 MP: 6/6
   357 | D:1      | Learned a level 2 spell: Poisonous Vapours
   360 | D:1      | Learned a level 2 spell: Swiftness
  1113 | D:2      | Gained mutation: You have sharp toenails. [demonic
                  | ancestry]
  1113 | D:2      | Reached XP level 3. HP: 22/24 MP: 1/8
  1531 | D:2      | Reached skill level 1 in Air Magic
  1590 | D:2      | Reached skill level 1 in Poison Magic
  1631 | D:2      | Reached XP level 4. HP: 27/31 MP: 5/9
  2095 | D:3      | Found a shadowy altar of Dithmenos.
  2389 | D:3      | Reached skill level 4 in Spellcasting
  2651 | D:3      | Found a glowing golden altar of the Shining One.
  2859 | D:4      | Gained mutation: A weak demonic guardian rushes to your
                  | aid. [demonic ancestry]
  2859 | D:4      | Reached XP level 5. HP: 30/37 MP: 0/11
  2883 | D:4      | Found a staircase to the Ecumenical Temple.
  2886 | D:4      | Reached skill level 1 in Charms
  2896 | D:4      | Noticed an ogre
  2902 | D:4      | Killed an ogre
  2902 | D:4      | Reached skill level 1 in Fighting
  3277 | D:4      | Reached skill level 1 in Long Blades
  3277 | D:4      | Reached XP level 6. HP: 36/44 MP: 9/12
  3422 | D:4      | Found a shimmering altar of Xom.
  3569 | D:4      | Reached skill level 1 in Dodging
  3909 | D:5      | Entered Level 5 of the Dungeon
  3931 | D:5      | Gained mutation: A demonic guardian rushes to your aid.
                  | [demonic ancestry]
  3931 | D:5      | Reached XP level 7. HP: 52/52 MP: 8/13
  4003 | D:5      | Found a burning altar of Makhleb.
  4144 | D:5      | Slain by a gnoll

Levels and vault maps discovered:
D:1:      wander_arrival_peaceful_grave, layout_loops_ring
D:2:      layout_loops_ring
D:3:      layout_basic, tso_altar, marbit_many_paths
D:4:      minmay_bubble_buster, layout_loops_cross, lemuel_doored_altar,
          minmay_temple_entry_arrows, first_ration
D:5:      layout_basic, nicolae_overflow_crystal_walls

Skill      XL: |  1  2  3  4  5  6 |
---------------+-------------------+-----
Air Magic      | 1 2 |  2.1
Poison Magic   | 1 2 |  2.5
Spellcasting   | 4 |  4.4
Charms         | 1 2 |  2.1
Fighting       | 1 2 |  2.7
Long Blades    | 1 |  1.5
Dodging        | 1 |  1.0
Short Blades   | |  0.5
Stealth        | |  1.9
Hexes          | |  3.0
Ice Magic      | |  1.7
Evocations     | |  1.0

Action                   |  1- 3 |  4- 6 |  7- 9 || total
-------------------------+-------+-------+-------++-------
Melee: Dagger            |    97 |    20 |       ||   117
       Kick              |    11 |    21 |     3 ||    35
       Falchion          |       |    90 |    15 ||   105
Throw: Dart              |     5 |     1 |       ||     6
 Cast: Poisonous Vapours |    31 |    54 |    10 ||    95
  Use: Scroll            |       |     4 |       ||     4
 Stab: Sleeping          |     7 |     8 |       ||    15
  Eat: Chunk             |     4 |     4 |     2 ||    10
       Ration            |       |     1 |       ||     1
Armor: Robe              |    22 |    36 |     3 ||    61
Dodge: Dodged            |    57 |    76 |     9 ||   142
       Rpst.: Falchion   |       |    20 |     1 ||    21
